Map: Imperio eterno EE

Players

Serral - Winner!

  • Race: Zerg Zerg
  • League: Master
  • Spawn Location: 1:00

Cure

  • Race: Terran Terran
  • League: Master
  • Spawn Location: 7:00

VOD

Have the link to the VOD?

Description

Time

  • Played on: Jan. 14, 2020, 3:02 p.m.
  • Length: 16:31
Show
View Real Time Build Order
Export as new Build Order

Serral Zerg - Winner!

Build Orders: Hatch First, Brood Lord Corruptor, Swarm Host 

Get SALT Encoding   

  12  0:00  Drone  
  13  0:12  Overlord  
  13  0:16  Drone  
  14  0:30  Drone  
  14  0:31  Drone  
  16  0:48  Hatchery  
  15  0:50  Drone  
  15  0:54  Drone  
  17  0:58  Drone  
  18  1:09  Extractor  
  17  1:13  Spawning Pool  
  17  1:16  Drone  
  17  1:20  Drone  
  18  1:27  Drone  
  19  1:38  Drone  
  20  1:48  Overlord  
  20  2:00  Queen x2  
  20  2:01  Zergling x4  
  26  2:10  Drone  
  26  2:11  Drone, Metabolic Boost  
  28  2:21  Drone  
  28  2:22  Drone  
  30  2:37  Hatchery  
  30  2:39  Drone  
  30  2:46  Queen  
  30  2:51  Overlord  
  32  2:53  Drone  
  32  2:56  Drone  
  34  2:59  Drone  
  34  3:04  Pneumatized Carapace  
  35  3:05  Drone  
  35  3:11  Drone x2  
  38  3:15  Drone x2  
  38  3:19  Overlord  
  40  3:21  Drone  
  40  3:24  Drone  
  42  3:29  Queen  
  44  3:38  Drone x2  
  44  3:40  Drone  
  47  3:46  Drone x3  
  50  3:50  Overlord  
  50  3:52  Queen  
  52  3:56  Drone, Overlord  
  52  3:57  Drone  
  52  4:01  Zergling x2  
  52  4:02  Drone x3  
  58  4:06  Overlord  
  58  4:10  Overlord  
  58  4:17  Drone  
  58  4:18  Drone  
  58  4:19  Drone x3  
  58  4:24  Drone x2  
  65  4:26  Roach Warren  
  65  4:27  Zergling x2  
  65  4:30  Queen  
  67  4:32  Zergling x2  
  67  4:34  Zergling x2  
  67  4:35  Lair  
  67  4:38  Extractor  
  68  4:40  Zergling x2  
  68  4:42  Drone x2  
  68  4:43  Zergling x2  
  68  4:44  Drone  
  73  4:49  Queen  
  73  4:52  Extractor x2, Drone x3  
  77  4:53  Drone  
  77  4:58  Drone x2  
  79  5:03  Overlord  
  79  5:04  Evolution Chamber  
  79  5:05  Queen  
  80  5:08  Spore Crawler  
  80  5:09  Spore Crawler  
  80  5:10  Spore Crawler  
  80  5:12  Overlord  
  77  5:16  Roach x3  
  77  5:17  Roach  
  85  5:22  Drone, Overlord  
  85  5:23  Drone x2  
  85  5:25  Drone  
  85  5:28  Overlord  
  89  5:29  Drone  
  89  5:31  Drone  
  89  5:32  Drone  
  89  5:34  Zerg Missile Weapons Level 1  
  92  5:42  Spire  
  91  5:44  Extractor, Drone x2  
  91  5:46  Drone x2  
  91  5:47  Overseer  
  91  5:49  Roach  
  96  5:52  Extractor, Overlord  
  96  5:56  Drone x3  
  98  5:58  Drone x2  
  98  6:00  Glial Reconstitution  
  100  6:05  Overlord  
  100  6:06  Drone x3  
  103  6:17  Hatchery  
  102  6:24  Drone  
  103  6:32  Drone x2  
  104  6:38  Overlord x2  
  103  6:51  Drone  
  104  6:58  Corruptor x9  
  122  7:01  Corruptor, Unknown  
  122  7:07  Overlord  
  123  7:09  Corruptor  
  123  7:10  Overlord  
  123  7:11  Overlord  
  123  7:12  Zerg Flyer Weapons Level 1  
  125  7:20  Roach x5  
  133  7:24  Drone x3  
  136  7:33  Drone  
  136  7:35  Drone, Infestation Pit  
  136  7:36  Overlord  
  136  7:37  Overlord  
  136  7:39  Nydus Network  
  135  7:44  Zerg Missile Weapons Level 2  
  133  7:51  Corruptor  
  133  7:53  Roach x5  
  133  7:56  Overlord  
  145  8:02  Overlord  
  143  8:17  Corruptor  
  145  8:22  Swarm Host x7  
  145  8:24  Swarm Host  
  169  8:31  Swarm Host  
  169  8:32  Hatchery, Swarm Host  
  174  8:35  Overlord  
  174  8:41  Swarm Host x2  
  174  8:48  Swarm Host x3  
  180  8:54  Nydus Canal  
  189  8:59  Swarm Host  
  192  9:05  Corruptor  
  192  9:09  Roach x3  
  200  9:11  Nydus Canal  
  200  9:18  Overlord  
  193  9:34  Nydus Canal  
  189  9:39  Roach x5  
  199  9:53  Ravager  
  199  9:54  Spine Crawler x2  
  199  9:56  Hive  
  199  9:58  Ravager x3, Evolution Chamber, Baneling Nest  
  199  10:02  Nydus Canal, Overlord  
  199  10:03  Extractor, Overseer  
  198  10:07  Extractor  
  197  10:17  Ravager  
  197  10:18  Ravager  
  199  10:23  Nydus Canal  
  199  10:26  Zerg Ground Armor Level 1, Zerg Melee Weapons Level 1  
  199  10:27  Drone  
  200  10:39  Spine Crawler, Drone, Nydus Canal  
  200  10:40  Spine Crawler  
  199  10:45  Drone  
  183  11:12  Drone x2  
  183  11:14  Roach  
  183  11:15  Roach x6  
  199  11:20  Nydus Canal  
  199  11:23  Greater Spire  
  199  11:26  Spire  
  190  11:41  Ravager x6  
  190  11:42  Roach  
  190  11:43  Nydus Canal  
  196  12:12  Ravager  
  196  12:14  Ravager  
  198  12:18  Nydus Canal  
  192  12:35  Nydus Canal  
  192  12:37  Zerg Flyer Weapons Level 2  
  192  12:38  Zerg Flyer Armor Level 1  
  192  12:50  Roach  
  192  12:51  Roach x3  
  191  13:06  Roach x6  
  191  13:09  Nydus Canal  
  193  13:22  Ravager, Roach Warren  
  193  13:23  Roach, Ravager x4  
  172  13:55  Brood Lord x8, Corruptor x2  
  181  13:56  Corruptor x4  
  191  14:03  Roach x3  
  191  14:04  Overlord x2  
  197  14:15  Nydus Network  
  196  14:23  Corruptor  
  196  14:24  Corruptor x2  
  197  14:32  Corruptor  
  197  14:49  Hatchery, Overlord x2  
  196  14:57  Nydus Canal  
  194  15:05  Roach x3  
  196  15:16  Brood Lord  
  196  15:17  Brood Lord  
  200  15:25  Nydus Canal  
  196  15:41  Roach x5  
  200  15:56  Nydus Canal  
  200  15:59  Evolution Chamber  
  197  16:08  Roach x10  
Show
View Real Time Build Order
Export as new Build Order

Cure Terran 

Build Orders: Reaper Expand, Mech 

Get SALT Encoding   

  12  0:00  SCV  
  13  0:13  SCV  
  14  0:17  Supply Depot  
  14  0:25  SCV  
  15  0:39  SCV  
  15  0:40  Barracks  
  16  0:43  Refinery  
  16  0:51  SCV  
  17  1:03  SCV  
  18  1:15  SCV  
  19  1:27  Orbital Command, Reaper  
  20  1:40  Command Center  
  20  1:47  Supply Depot  
  20  1:53  SCV  
  21  1:59  Marine  
  22  2:05  SCV  
  23  2:10  Factory  
  23  2:12  Refinery  
  23  2:17  SCV  
  23  2:20  Barracks Reactor  
  24  2:29  SCV  
  25  2:42  SCV  
  26  2:52  Orbital Command  
  26  2:54  SCV, Starport  
  27  3:01  Hellion x2  
  31  3:06  SCV  
  32  3:19  SCV x2  
  34  3:23  Command Center  
  34  3:31  SCV x2  
  34  3:33  Fusion Core  
  36  3:40  Starport Tech Lab  
  36  3:42  Supply Depot  
  36  3:43  SCV x2  
  38  3:50  Hellion x2  
  42  3:55  SCV x2  
  44  4:03  Refinery  
  44  4:04  Refinery  
  44  4:07  SCV  
  44  4:08  SCV  
  45  4:20  SCV x2  
  45  4:21  Battlecruiser  
  53  4:26  Supply Depot  
  53  4:32  SCV  
  53  4:34  SCV  
  53  4:35  Orbital Command  
  55  4:39  Hellion  
  55  4:41  Hellion  
  55  4:44  SCV  
  60  4:46  SCV  
  60  4:51  Supply Depot  
  61  4:56  SCV  
  61  4:59  SCV, Orbital Command  
  63  5:00  Hellion  
  63  5:03  Hellion  
  67  5:09  SCV  
  67  5:11  SCV  
  67  5:13  Factory  
  69  5:14  Factory  
  69  5:15  Supply Depot  
  69  5:22  SCV  
  69  5:23  SCV  
  69  5:27  Battlecruiser  
  77  5:30  Weapon Refit  
  77  5:32  SCV  
  77  5:35  SCV  
  79  5:36  Hellion x2  
  83  5:43  SCV, Supply Depot  
  83  5:44  SCV  
  83  5:47  SCV  
  86  5:53  Refinery  
  86  5:54  Refinery  
  86  5:55  SCV  
  86  5:56  SCV  
  88  5:58  Hellion, Factory Tech Lab  
  88  5:59  SCV, Factory Tech Lab  
  89  6:06  Supply Depot  
  89  6:07  Supply Depot  
  89  6:08  SCV x2  
  89  6:11  SCV  
  92  6:17  Siege Tank  
  91  6:19  Siege Tank  
  91  6:20  SCV, Armory x2, Hellion  
  91  6:23  SCV  
  98  6:28  SCV  
  99  6:33  SCV  
  99  6:35  SCV  
  99  6:37  Battlecruiser  
  107  6:40  SCV  
  107  6:45  SCV  
  107  6:50  SCV  
  107  6:51  Supply Depot  
  107  6:52  SCV, Supply Depot  
  109  6:57  SCV  
  113  7:01  Siege Tank x2  
  116  7:09  Terran Vehicle And Ship Armor Level 1, Terran Vehicle Weapons Level 1  
  116  7:10  SCV  
  116  7:12  SCV  
  116  7:13  Hellion x2  
  116  7:14  Supply Depot  
  122  7:15  Supply Depot  
  122  7:25  Command Center  
  122  7:34  SCV x2  
  122  7:35  SCV, Factory x2  
  125  7:42  Hellion x2  
  135  7:50  Cyclone  
  135  7:51  Cyclone  
  133  7:56  Supply Depot, Engineering Bay  
  133  7:59  SCV x3  
  136  8:07  Factory  
  136  8:10  Factory  
  136  8:11  Factory  
  136  8:18  SCV x3  
  139  8:22  Factory Reactor, Factory Tech Lab  
  139  8:27  Infernal Pre-Igniter  
  139  8:28  Siege Tank x2  
  139  8:29  Hellion  
  139  8:30  Hellion  
  149  8:38  Missile Turret  
  149  8:39  Missile Turret  
  149  8:40  SCV x3  
  152  8:41  Missile Turret  
  152  8:53  Siege Tank x2  
  152  8:54  Hellion x2  
  162  8:56  Missile Turret  
  162  8:58  Unknown  
  162  9:00  Siege Tank  
  162  9:02  Supply Depot  
  165  9:04  Supply Depot, Terran Vehicle Weapons Level 2, Terran Vehicle And Ship Armor Level 2  
  165  9:14  Planetary Fortress  
  165  9:18  Sensor Tower  
  159  9:27  Command Center  
  159  9:30  Siege Tank x2  
  159  9:31  Hellion x3  
  155  9:47  Command Center  
  155  9:48  Thor x2  
  167  9:55  Hellion x2  
  171  10:02  Siege Tank  
  171  10:04  Missile Turret  
  171  10:06  Missile Turret  
  174  10:07  Missile Turret  
  163  10:16  Siege Tank  
  163  10:17  Hellion x4  
  171  10:26  Factory Reactor, Factory Tech Lab  
  171  10:31  Siege Tank x2  
  171  10:32  Supply Depot  
  171  10:33  Supply Depot  
  171  10:34  Hellion  
  179  10:38  Hellion x2  
  179  10:39  Hellion  
  185  10:45  Siege Tank  
  188  10:52  Starport Reactor  
  188  10:54  Hellion, Siege Tank  
  188  10:55  Fusion Core  
  188  10:56  Hellion  
  188  10:57  Starport  
  195  11:06  Hellion x9, Siege Tank x2  
  195  11:07  Hellion x3  
  195  11:10  Hellion  
  176  11:16  Hellion  
  176  11:17  Siege Tank x2  
  184  11:21  Supply Depot  
  184  11:26  Siege Tank  
  184  11:27  Refinery x2  
  184  11:28  Hellion x3  
  193  11:38  Siege Tank  
  191  11:41  Thor  
  191  11:42  Hellion  
  191  11:44  Planetary Fortress  
  199  12:01  Thor, Hellion, Siege Tank  
  185  12:02  Hellion x2, Siege Tank  
  187  12:11  Command Center  
  187  12:17  SCV x3  
  187  12:21  Missile Turret  
  190  12:26  Thor  
  190  12:27  Hellion  
  196  12:37  Terran Vehicle Weapons Level 3  
  196  12:39  Starport Reactor  
  196  12:50  SCV  
  196  12:51  SCV  
  196  12:54  SCV, Hellion  
  196  13:04  SCV x2  
  196  13:06  Hellion  
  196  13:12  Siege Tank  
  195  13:13  Siege Tank  
  193  13:22  Thor, Planetary Fortress  
  199  13:34  Command Center  
  199  13:39  Thor  
  199  13:41  Thor  
  196  13:43  Hellion  
  196  13:44  Siege Tank  
  196  13:45  Thor  
  195  13:51  Hellion  
  195  13:52  Hellion  
  177  14:03  Hellion x2  
  177  14:05  Thor  
  187  14:16  Siege Tank  
  188  14:22  Hellion  
  188  14:23  Hellion, Siege Tank  
  188  14:24  Siege Tank  
  192  14:28  Command Center, Siege Tank  
  174  14:37  Viking x2  
  162  14:38  Viking  
  162  14:39  Viking  
  162  14:40  Hellion x2  
  162  14:43  Hellion  
  162  14:44  Hellion  
  174  14:48  Thor, Siege Tank  
  183  14:53  Planetary Fortress  
  183  14:55  Siege Tank  
  186  15:05  Thor  
  186  15:06  Hellion x2  
  196  15:07  Viking x2  
  193  15:29  Thor  
  193  15:35  Hellion, Siege Tank  
  187  15:41  Viking  
  187  15:42  Viking  
  171  15:44  Hellion x4  
  173  16:12  Command Center  
Tags
 
Add a new tag
Caveats
  • Supply blocks, unpowered buildings, or Contaminate may cause inaccurate times.
  • Supply counts are checked every 10 seconds.